Map: King's Cove LE

Players

PtitDrogo - Winner!

  • Race: Protoss Protoss
  • League: Grandmaster
  • Spawn Location: 11:00

LiquidMaNa (MaNa)

  • Race: Protoss Protoss
  • League: Grandmaster
  • Spawn Location: 5:00

Event: 2019 WCS Winter Europe

VOD

Have the link to the VOD?

Description

Time

  • Played on: Feb. 14, 2019, 10:52 a.m.
  • Length: 9:45

All games in this series

Show
View Real Time Build Order
Export as new Build Order

PtitDrogo Protoss - Winner!

Build Orders: Phoenix Opening, Zealot Archon 

Get SALT Encoding   

  12  0:00  Probe  
  13  0:12  Probe  
  14  0:17  Pylon  
  14  0:24  Probe  
  15  0:32  Probe  
  15  0:38  Gateway  
  15  0:40  Probe  
  16  0:46  Assimilator  
  17  0:51  Probe  
  17  0:55  Assimilator  
  18  1:00  Probe  
  19  1:08  Probe, Gateway  
  19  1:17  Probe  
  21  1:26  Cybernetics Core  
  21  1:29  Probe  
  22  1:35  Pylon  
  22  1:41  Probe  
  23  1:53  Probe  
  24  1:58  Warp Gate  
  24  2:03  Stalker, Sentry  
  24  2:06  Probe  
  29  2:12  Pylon  
  29  2:18  Probe  
  30  2:28  Pylon  
  30  2:32  Stalker  
  30  2:37  Phoenix  
  34  2:47  Nexus  
  34  2:49  Probe  
  33  2:56  Sentry  
  35  3:01  Probe  
  36  3:09  Probe, Pylon  
  36  3:17  Forge, Probe  
  38  3:27  Probe  
  39  3:38  Protoss Ground Weapons Level 1  
  39  3:40  Probe  
  40  3:44  Shield Battery  
  40  3:46  Stalker x2  
  44  3:53  Probe  
  44  3:55  Probe  
  46  4:03  Probe  
  46  4:05  Probe  
  48  4:10  Photon Cannon  
  48  4:12  Stalker  
  48  4:13  Probe  
  51  4:17  Probe  
  51  4:21  Stalker  
  54  4:25  Probe  
  54  4:29  Probe  
  54  4:30  Pylon  
  56  4:34  Twilight Council  
  56  4:37  Probe  
  57  4:41  Probe, Pylon  
  57  4:44  Stalker  
  60  4:48  Assimilator  
  60  4:50  Assimilator  
  60  4:53  Probe  
  61  5:00  Probe  
  61  5:02  Protoss Ground Weapons Level 2  
  61  5:05  Probe  
  63  5:07  Charge  
  63  5:12  Probe  
  64  5:17  Probe  
  64  5:19  Stalker  
  66  5:24  Robotics Facility  
  66  5:25  Probe  
  67  5:30  Gateway x2  
  67  5:32  Gateway  
  67  5:45  Nexus  
  67  5:53  Templar Archives  
  65  5:58  Probe x2  
  65  6:03  Pylon  
  68  6:11  Observer  
  68  6:12  Gateway  
  68  6:16  Gateway  
  68  6:17  Gateway  
  68  6:20  Pylon  
  68  6:25  Probe  
  69  6:29  Probe  
  70  6:33  Immortal  
  74  6:53  Gateway  
  74  6:56  Protoss Ground Weapons Level 3, Gateway  
  74  6:58  High Templar x3  
  74  6:59  Zealot, High Templar  
  80  7:03  Archon  
  80  7:10  High Templar  
  80  7:11  Zealot  
  80  7:12  Warp Prism  
  80  7:15  Probe x2  
  86  7:16  Archon  
  86  7:17  Pylon  
  86  7:21  Zealot x2  
  92  7:31  Probe x2  
  92  7:36  Zealot x3  
  100  7:37  Zealot  
  102  7:54  Zealot x4  
  102  7:57  Zealot x2  
  114  8:08  Pylon  
  114  8:09  Pylon  
  114  8:10  Pylon  
  114  8:15  Zealot  
  116  8:25  Stalker  
  116  8:31  High Templar x4  
  116  8:32  Zealot x4  
  132  8:43  Zealot  
  132  8:44  Archon x2  
  134  8:49  Zealot  
  134  8:55  Zealot x4  
  122  9:12  Zealot x5  
  108  9:17  Zealot x3  
  108  9:21  Zealot x2  
  98  9:32  Zealot x5  
Show
View Real Time Build Order
Export as new Build Order

LiquidMaNa Protoss 

Build Orders: Oracle Opening, Phoenix Opening, Archon Immortal 

Get SALT Encoding   

  12  0:00  Probe  
  13  0:12  Probe  
  14  0:18  Pylon  
  14  0:24  Probe  
  15  0:32  Probe  
  15  0:39  Gateway  
  15  0:40  Probe  
  16  0:48  Assimilator  
  17  0:50  Probe  
  17  0:56  Assimilator  
  18  0:58  Probe  
  19  1:08  Probe  
  19  1:09  Gateway  
  20  1:19  Probe  
  21  1:26  Cybernetics Core  
  21  1:31  Probe  
  22  1:39  Pylon  
  22  1:43  Probe  
  23  1:57  Probe  
  24  2:02  Stalker  
  24  2:03  Warp Gate, Sentry  
  28  2:09  Probe  
  29  2:21  Probe  
  29  2:22  Pylon  
  30  2:32  Stargate  
  30  2:34  Probe  
  30  2:36  Phoenix  
  31  2:40  Stalker  
  33  3:04  Nexus  
  33  3:06  Oracle  
  33  3:09  Probe  
  37  3:22  Pylon  
  37  3:24  Probe  
  38  3:36  Probe  
  39  3:43  Robotics Facility  
  39  3:50  Stalker x2  
  43  3:56  Shield Battery  
  43  3:58  Probe  
  44  4:07  Oracle  
  47  4:14  Probe  
  47  4:16  Probe  
  48  4:22  Probe  
  49  4:24  Probe  
  49  4:27  Forge  
  49  4:30  Probe  
  51  4:34  Observer, Probe  
  54  4:38  Assimilator  
  54  4:43  Probe  
  54  4:44  Protoss Ground Weapons Level 1  
  55  4:46  Probe  
  55  4:48  Assimilator  
  56  4:55  Probe  
  56  4:56  Immortal  
  56  4:58  Probe  
  62  5:08  Pylon  
  62  5:26  Probe x2  
  64  5:29  Immortal  
  68  5:37  Pylon  
  68  5:38  Probe x2  
  68  5:40  Observer  
  70  5:43  Pylon  
  70  5:46  Pylon  
  70  5:57  Probe  
  70  6:02  Twilight Council  
  71  6:04  Observer  
  71  6:07  Protoss Ground Weapons Level 2  
  71  6:09  Immortal  
  75  6:14  Probe x2  
  77  6:18  Gateway  
  77  6:19  Gateway  
  77  6:20  Gateway  
  77  6:23  Gateway  
  77  6:29  Pylon  
  77  6:38  Templar Archives  
  76  6:47  Warp Prism  
  78  6:56  Pylon  
  78  7:10  Gateway x2  
  78  7:15  High Templar x3  
  84  7:17  High Templar  
  84  7:19  Nexus  
  84  7:20  Archon  
  84  7:21  Zealot, Archon  
  88  7:29  Shield Battery  
  88  7:34  Immortal  
  92  7:40  Probe x2  
  92  7:43  Shield Battery  
  94  7:49  Zealot, High Templar x2  
  100  7:55  Archon  
  100  7:58  Zealot  
  100  7:59  Zealot x2  
  100  8:05  High Templar x2  
  110  8:09  Archon  
  110  8:19  Pylon  
  110  8:26  Zealot  
  109  8:29  Immortal  
  109  8:33  Zealot x2  
  113  8:42  Probe x2  
  113  8:46  Zealot  
  114  8:51  Probe  
  114  8:54  Probe  
  110  8:55  Probe  
  110  9:00  High Templar x2  
  115  9:03  Probe  
  115  9:06  Archon  
  115  9:09  Zealot x2  
  92  9:18  Zealot x2  
  76  9:25  Zealot x2  
Tags
 
Add a new tag
Caveats
  • Supply blocks, unpowered buildings, or Contaminate may cause inaccurate times.
  • Supply counts are checked every 10 seconds.